 Dungeon Crawl Stone Soup version 0.22-a0-21-g9421e3f (webtiles) character file.

32 Alarkh the Slasher (level 3, 29/29 HPs)
             Began as a Demonspawn Berserker on Jan 2, 2018.
             Was a Follower of Trog.
             Got out of the dungeon alive.
             The game lasted 00:01:14 (1270 turns).

Alarkh the Slasher (Demonspawn Berserker)           Turns: 1270, Time: 00:01:14

Health: 29/29      AC:  2    Str: 17    XL:     3   Next: 8%
Magic:  3/3        EV: 12    Int:  9    God:    Trog [*.....]
Gold:   61         SH:  0    Dex: 12    Spells: 2/2 levels left

rFire    . . .     SeeInvis .   a - +0 falchion
rCold    . . .     Gourm    .   (no shield)
rNeg     . . .     Faith    .   b - +0 animal skin
rPois    .         Spirit   +   (no helmet)
rElec    .         Reflect  .   (no cloak)
rCorr    .         Harm     .   (no gloves)
MR       .....                  (no boots)
Stlth    +.........             e - amulet of guardian spirit
HPRegen  0.09/turn              (no ring)
MPRegen  0.08/turn              (no ring)

@: no status effects
A: demonic guardian 1, sturdy frame 1
a: Berserk, Burn Spellbooks, Renounce Religion


You escaped.
You worshipped Trog.
Trog was aware of your devotion.
You were very hungry.

You visited 1 branch of the dungeon, and saw 2 of its levels.

You collected 61 gold pieces.

Inventory:

Hand Weapons
 a - a +0 falchion (weapon)
Armour
 b - a +0 animal skin (worn)
Jewellery
 e - an amulet of guardian spirit (around neck)
Scrolls
 g - a scroll of fear {unknown}
 h - a scroll of remove curse {unknown}
 i - 2 scrolls of identify {unknown}
 l - a scroll of amnesia {unknown}
 m - a scroll of enchant armour {unknown}
Potions
 d - a potion of invisibility {unknown}
 f - a potion of curing {unknown}
 j - a potion of agility {unknown}
 k - a potion of ambrosia {unknown}
 n - a potion of degeneration {unknown}
 o - a potion of berserk rage {unknown}
Comestibles
 c - 3 rations


   Skills:
 - Level 3.0 Fighting
 + Level 3.9 Long Blades
 - Level 1.7 Armour
 - Level 1.7 Dodging


You had 2 spell levels left.
You didn't know any spells.

Dungeon Overview and Level Annotations

Branches:
Dungeon (2/15)

Altars:


Innate Abilities, Weirdness & Mutations

A weak demonic guardian rushes to your aid.
Your movements are slightly less encumbered by armour. (ER -2)


Message History

You destroy the howler monkey skeleton!
Trog accepts your kill.
You have reached level 3!
Your experience leads to an increase in your attributes!
Increase (S)trength, (I)ntelligence, or (D)exterity?
You feel clever.
Your demonic ancestry asserts itself...
You feel the presence of a demonic guardian.
Found a glowing dagger.
There is an open door here.
There is a stone staircase leading up here.
You climb upwards.
There is a stone staircase leading down here.
You see here 23 stones.
You are feeling very hungry.
(D) Dungeon
Where to? (Enter - D:1 @ (x,y), ? - help)
You see here a short sword.
There is a staircase leading out of the dungeon here.
Are you sure you want to leave the Dungeon?
This will make you lose the game!
You have escaped!

.....#.....#.......#..(## ##..
######.###.#.#.#####....# #####..
#.#.#.#.#..)..#....###.....#
#.#.#.#.#####.#..........#.#
######...#.#.#...#.#............#
.....#####.#.#.#.#.#...#.##....>#
######.......#.#.#.###.#)##...).#
## #########.#.#.#.#...#.##...>##
.###.........#.#@#.###.#.....#.##
..##.#######.#.#.#.###..........#
(###.#.......#.#.#.#............#
.....#.#####.#.#[..#............#
.#####.#...#.#.#####..(.........#
.# #.#.#.#.#.....###..........#
.# #.###.#.#####.#.#..##....###
## #.....#.......#....#####.#
########.#######....## #.#


There were no monsters in sight!

Vanquished Creatures
  A howler monkey skeleton (D:2)
  A dart slug (D:1)
  A leopard gecko (D:2)
  2 ball pythons (D:1)
  2 bats
  A giant cockroach (D:2)
  6 goblins (D:1)
  2 frilled lizards (D:1)
  2 kobolds (D:1)
  3 rats (D:1)
21 creatures vanquished.

Notes
Turn   | Place    | Note
-------+----------+-------------------------------------------
     0 | D:1      | Alarkh the Demonspawn Berserker began the quest for the Orb.
     0 | D:1      | Reached XP level 1. HP: 18/18 MP: 1/1
   275 | D:1      | Gained mutation: Your movements are slightly less encumbered by armour. (ER -2) [demonic ancestry]
   275 | D:1      | Reached XP level 2. HP: 23/24 MP: 0/2
  1163 | D:2      | Gained mutation: A weak demonic guardian rushes to your aid. [demonic ancestry]
  1163 | D:2      | Reached XP level 3. HP: 25/29 MP: 3/3
  1270 | D:$      | Got out of the dungeon alive.

Vault maps used:
D:1:      matt_arrival_spirals, minivault_23
D:2:      first_ration, dk_noncrumbling_2, hex_large, uniq_natasha

Skill      XL: |  1 |
---------------+----+-----
Long Blades    | 3 |  3.9
Fighting       | |  3.0
Armour         | |  1.7
Dodging        | |  1.7

Action                   || total
-------------------------++-------
Melee: Falchion          ||    53
 Stab: Sleeping          ||     1
Armor: Animal skin       ||    13
Dodge: Dodged            ||    22
       Rpst.: Falchion   ||     6

Table legend:
 A = Spawn XP
 B = Non-spawn XP
 C = Spawn XP percentage of total XP
 D = Spawn monster count
 E = Non-spawn monster count
 F = Spawn count percentage of total count
 G = Total turns spent on level
                    A         B        C        D         E        F      G
               +---------+---------+-------+---------+---------+-------+---------
         Total |       0 |      46 |   0.0 |       0 |      21 |   0.0 |  1270
               +---------+---------+-------+---------+---------+-------+---------
           D:1 |       0 |      26 |   0.0 |       0 |      17 |   0.0 |   950
           D:2 |       0 |      20 |   0.0 |       0 |       4 |   0.0 |   320
               +---------+---------+-------+---------+---------+-------+---------
